 Dungeon Crawl Stone Soup version 0.30-a0-897-ga2f19c967e (webtiles) character file.

Game seed: 13140636827436632263

17422 112233 the Zephyrmancer (level 12, -2/72 HPs)
             Began as a Tengu Air Elementalist on Mar 18, 2023.
             Was an Elder of Vehumet.
             Slain by a torpor snail (21 damage)
             ... on level 1 of the Lair of Beasts.
             The game lasted 00:18:03 (15870 turns).

112233 the Zephyrmancer (Tengu Air Elementalist)   Turns: 15870, Time: 00:18:04

Health: -2/72      AC:  4    Str:  8    XL:     12   Next: 47%
Magic:  4/27       EV: 24    Int: 24    God:    Vehumet [****..]
Gold:   621        SH:  0    Dex: 14    Spells: 9/31 levels left

rFire   . . .      SeeInvis +    y - staff of conjuration
rCold   . . .      Faith    .    (no shield)
rNeg    . . .      Spirit   .    a - +0 robe
rPois   .          Reflect  .    b - +2 hat
rElec   .          Rampage  .    (no cloak)
rCorr   .                        j - +0 pair of gloves
Will    .....                    (boots unavailable)
Stlth   ++                       M - amulet of magic regeneration
HPRegen 0.32/turn                m - +5 ring of evasion
MPRegen 0.60/turn                u - ring of see invisible

@: flying quickly and evasively, slowed, very slow
A: beak, talons 3, nimble flight, clever 1, deformed body, MP-powered wands
a: Renounce Religion


You were on level 1 of the Lair of Beasts.
You worshipped Vehumet.
Vehumet was greatly pleased with you.
You visited 3 branches of the dungeon, and saw 14 of its levels.

You collected 621 gold pieces.

Inventory:

Hand Weapons
 g - a +0 short sword
 t - a +1 dagger of speed
 z - a +0 whip of freezing
 K - a +6 dagger
Missiles
 L - 2 curare-tipped darts
 Q - 2 throwing nets
Armour
 a - a +0 robe (worn)
 b - a +2 hat (worn)
 j - a +0 pair of gloves (worn)
 E - a +0 kite shield
Magical Staves
 y - a staff of conjuration (weapon)
Jewellery
 f - a ring of resist corrosion
 h - a +5 ring of evasion
 m - a +5 ring of evasion (left hand)
 n - a ring of fire
 p - a ring of ice
 u - a ring of see invisible (right hand)
 D - a ring of ice
 F - a ring of protection from fire
 M - an amulet of magic regeneration (around neck)
 S - a ring of poison resistance
 T - a ring of protection from fire
 U - a +6 ring of intelligence
Wands
 l - a wand of paralysis (27)
 v - a wand of polymorph (6)
 O - a wand of flame (33)
Scrolls
 c - 4 scrolls of teleportation
 e - 4 scrolls of enchant armour
 i - 2 scrolls of brand weapon
 o - 2 scrolls of vulnerability
 q - 4 scrolls of blinking
 r - 4 scrolls of immolation
 w - a scroll of magic mapping
 A - a scroll of fog {unknown}
 G - 2 scrolls of poison
 J - a scroll of silence {unknown}
 R - a scroll of fear
Potions
 d - a potion of heal wounds
 k - 4 potions of attraction
 s - a potion of degeneration {unknown}
 x - a potion of ambrosia
 B - 2 potions of brilliance
 C - 3 potions of flight
 H - a potion of cancellation
 I - 3 potions of lignification
 N - a potion of might {unknown}
 P - a potion of invisibility {unknown}


   Skills:
 + Level 7.3 Fighting
 + Level 8.8 Dodging
 - Level 3.0 Stealth
 * Level 10.1 Spellcasting
 + Level 10.2 Conjurations
 * Level 14.3 Air Magic


You had 9 spell levels left.
You knew the following spells:

 Your Spells              Type           Power      Damage    Failure   Level
a - Shock                 Conj/Air       100%       1d9       1%          1
b - Static Discharge      Conj/Air       100%       2-7/arc   1%          2
c - Airstrike             Air            34%        2d(5-21)  1%          4
d - Stone Arrow           Conj/Erth      100%       3d13      1%          3
e - Irradiate             Conj/Tmut      26%        3d20      4%          5
f - Sublimation of Blood  Necr           12%        N/A       8%          2
g - Lightning Bolt        Conj/Air       41%        1d60      1%          5

Your spell library contained the following spells:

 Spells                   Type           Power      Damage    Failure   Level
 Hailstorm                Conj/Ice       53%        3d12      1%          3
 Magic Dart               Conj           100%       1d8       1%          1
 Cigotuvi's Dreadful Rot  Necr/Pois/Air  70%        N/A       1%          2
 Momentum Strike          Conj/Tloc      100%       3d10      1%          2
 Swiftness                Air            69%        N/A       1%          3
 Beastly Appendage        Tmut           24%        N/A       5%          1
 Necrotise                Necr           48%        1d6       5%          1
 Wereblood                Tmut           12%        N/A       8%          2
 Spider Form              Tmut/Pois      12%        N/A       16%         3
 Tukima's Dance           Hex            12%        N/A       16%         3
 Vampiric Draining        Necr           12%        2d6       16%         3
 Iron Shot                Conj/Erth      26%        9d6       24%         6
 Yara's Violent Unravell  Hex/Tmut       6%         3d5       34%         5
 Animate Armour           Summ/Erth      24%        N/A       45%         4
 Dispel Undead            Necr           12%        3d9       45%         4
 Passage of Golubria      Tloc           12%        N/A       45%         4
 Petrify                  Tmut/Erth      12%        N/A       45%         4
 Agony                    Necr           12%        N/A       82%         5
 Chain Lightning          Conj/Air       41%        3d54      99%         9
 Death Channel            Necr           6%         N/A       100%        6
 Dispersal                Tloc           6%         N/A       100%        6
 Malign Gateway           Summ/Tloc      6%         N/A       100%        7
 Lehudib's Crystal Spear  Conj/Erth      26%        10d7      100%        8


Dungeon Overview and Level Annotations

Branches:
Dungeon (12/15)            Temple (1/1) D:4            Lair (1/5) D:9
    Orc: D:9-12

Altars:
Ashenzari
Cheibriados
Dithmenos
Elyvilon
Fedhas
Gozag
Hepliaklqana
Kikubaaqudgha
Makhleb
Nemelex Xobeh
Okawaru
Qazlal
Ru
Sif Muna
Trog
Uskayaw
Vehumet
Wu Jian
Xom
Yredelemnul
Zin
The Shining One

Shops:
D:9 (

Annotations:
D:5 2 transporters, 112233's ghost, amateur OpFE
D:8 4 transporters
D:11 3 runed translucent doors, exclusions: downstairs and orange crystal statue
D:12 Rupert


Innate Abilities, Weirdness & Mutations

You have a beak for a mouth.
You have claws for feet.
Your magical nature lets you fly swiftly and evasively.
Your mind is acute. (Int +4, Str/Dex -1)
Armour fits poorly on your strangely shaped body.
You expend magic power (3 MP) to strengthen your wands.


Message History

Aiming: Airstrike (safe; 1% risk of failure)
Press: ? - help, Dir - move target, f/p - torpor snail
Aim: a torpor snail (heavily wounded, empty space bonus: 5/8)
The air twists around and strikes the torpor snail!
The torpor snail is severely wounded.
The torpor snail misses you.
Unknown command.
Casting: Airstrike (safe; 1% risk of failure)
Confirm with . or Enter, or press ? or * to list all spells.
You don't have enough magic to cast this spell.
Unknown command.
You hit the torpor snail but do no damage.
The torpor snail is severely wounded.
The torpor snail misses you.
Casting: Airstrike (safe; 1% risk of failure)
Confirm with . or Enter, or press ? or * to list all spells.
Aiming: Airstrike (safe; 1% risk of failure)
Press: ? - help, Dir - move target, f/p - torpor snail
Aim: a torpor snail (severely wounded, empty space bonus: 5/8)
The air twists around and strikes the torpor snail!
The torpor snail is almost dead.
The torpor snail closely misses you.
Unknown command.
You hit the torpor snail but do no damage.
You claw the torpor snail.
You peck the torpor snail, but do no damage.
The torpor snail is almost dead.
The torpor snail bites you!! The torpor snail misses you.
Unknown command.
You hit the torpor snail but do no damage.
The torpor snail is almost dead.
The torpor snail bites you!
* * * LOW HITPOINT WARNING * * *
You hit the torpor snail but do no damage.
You blast the torpor snail!
You claw the torpor snail, but do no damage.
You peck the torpor snail, but do no damage.
The torpor snail is almost dead.
The torpor snail bites you!!
You die...

#.###.#.####.#.########
.....................
#P..##.##'####......
#..##.##'####....##
#...#......##...##
#.(#........#...#
#..##......##...#
#..##...†..##...#
#.@.#.......#...#
#.w##......##...##
#..######.###....# .$..#
#######..†### .......
............. ...†...#..
.............
.....####...............
..... #............#.
....# ............##


You could see a torpor snail.

Vanquished Creatures
  Gastronok (D:8)
  Josephine (D:11)
  Harold (D:9)
  2 two-headed ogres
  Pikel (D:4)
  A cyclops (D:11)
  A manticore (D:11)
  2 cane toads (Lair:1)
  A rime drake (D:9)
  2 unseen horrors
  A komodo dragon (Lair:1)
  A polar bear (D:9)
  2 hornets
  Grinder (D:5)
  3 dream sheep (Lair:1)
  3 blink frogs (Lair:1)
  3 shadows (D:11)
  16 yaks
  4 wraiths
  2 wyverns
  A basilisk (Lair:1)
  A steam dragon (D:8)
  7 vampire mosquitoes (D:11)
  2 acid dragons
  A water moccasin (Lair:1)
  3 orc warriors
  3 ice beasts
  4 black bears
  2 sky beasts
  2 wolves
  An ogre (D:7)
  3 centaurs
  2 kobold brigands (D:8)
  2 gnoll sergeants (D:9)
  4 bullfrogs
  5 scorpions
  10 wights
  3 killer bees (D:9)
  A howler monkey (D:4)
  2 jellies
  4 orc priests
  3 hounds
  3 iguanas
  A sleepcap (D:5)
  Ijyb (D:2)
  9 orc wizards
  Robin (D:4)
  14 gnolls
  8 adders
  A shadow imp (D:7)
  5 white imps
  4 worms
  4 dart slugs (D:1)
  34 orcs
  11 bats
  8 endoplasms
  4 giant cockroaches
  21 goblins
  9 hobgoblins
  4 jackals (D:1)
  3 quokkas
  8 ball pythons
  7 frilled lizards
  14 kobolds
  3 rats
292 creatures vanquished.

Vanquished Creatures (others)
  2 fungi (Lair:1)
  19 plants
21 creatures vanquished.

Grand Total: 313 creatures vanquished

Notes
Turn   | Place    | Note
-------+----------+-------------------------------------------
     0 | D:1      | 112233 the Tengu Air Elementalist began the quest for the
                  | Orb.
     0 | D:1      | Reached XP level 1. HP: 10/10 MP: 4/4
   202 | D:1      | Reached XP level 2. HP: 15/15 MP: 4/6
   731 | D:1      | Reached XP level 3. HP: 19/19 MP: 4/7
  1298 | D:2      | Found a faded altar of an unknown god.
  1460 | D:2      | Found a stormy altar of Qazlal.
  1684 | D:2      | Reached XP level 4. HP: 24/24 MP: 3/8
  1936 | D:2      | Learned a level 2 spell: Static Discharge
  2204 | D:2      | Noticed Ijyb
  2220 | D:2      | Paralysed by Ijyb for 4 turns
  2232 | D:2      | Killed Ijyb
  2233 | D:2      | Gained mutation: Your magical nature lets you fly swiftly
                  | and evasively. [Tengu growth]
  2233 | D:2      | Reached XP level 5. HP: 28/28 MP: 4/10
  2886 | D:3      | Reached skill level 5 in Air Magic
  2985 | D:2      | Learned a level 4 spell: Airstrike
  3321 | D:3      | Found a shadowy altar of Dithmenos.
  3581 | D:3      | Found a basalt altar of Yredelemnul.
  3587 | D:3      | Found an ancient bone altar of Kikubaaqudgha.
  3590 | D:3      | Found a hide-covered altar of Uskayaw.
  3590 | D:3      | Found a glowing silver altar of Zin.
  3597 | D:3      | Found a burning altar of Makhleb.
  3810 | D:4      | Reached XP level 6. HP: 33/33 MP: 4/11
  4021 | D:5      | Entered Level 5 of the Dungeon
  4027 | D:5      | Reached skill level 1 in Fighting
  4424 | D:4      | Noticed Pikel
  4436 | D:4      | Killed Pikel
  4437 | D:4      | Reached skill level 6 in Air Magic
  4437 | D:4      | Reached XP level 7. HP: 40/40 MP: 8/14
  4502 | D:4      | Noticed Robin
  4503 | D:4      | Reached skill level 7 in Air Magic
  4559 | D:4      | Killed Robin
  4564 | D:4      | Reached XP level 8. HP: 28/44 MP: 7/15
  5232 | D:4      | Found a staircase to the Ecumenical Temple.
  5241 | Temple   | Entered the Ecumenical Temple
  5309 | Temple   | Became a worshipper of Vehumet
  5693 | D:5      | Found a transporter.
  5696 | D:5      | Found a transporter.
  5696 | D:5      | Noticed 112233's ghost (amateur OpFE)
  5802 | D:5      | Reached skill level 5 in Conjurations
  5899 | D:5      | Noticed Grinder
  5905 | D:5      | Paralysed by Grinder for 2 turns
  5907 | D:5      | Killed Grinder
  5908 | D:5      | Reached skill level 5 in Spellcasting
  5908 | D:5      | Reached skill level 8 in Air Magic
  6369 | D:5      | Reached skill level 5 in Dodging
  6826 | D:6      | Reached XP level 9. HP: 51/51 MP: 13/18
  7363 | D:6      | Reached skill level 9 in Air Magic
  7422 | D:6      | Found a broken altar of Ashenzari.
  8034 | D:7      | Reached * piety under Vehumet
  8034 | D:7      | Offered knowledge of Foxfire by Vehumet.
  8240 | D:7      | Noticed a hornet
  8253 | D:7      | Gained mutation: Armour fits poorly on your strangely
                  | shaped body. [potion of mutation]
  8253 | D:7      | Gained mutation: You expend magic power (3 MP) to
                  | strengthen your wands. [potion of mutation]
  8253 | D:7      | Gained mutation: Your mind is acute. (Int +4, Str/Dex -1)
                  | [potion of mutation]
  8260 | D:7      | Killed a hornet
  9308 | D:7      | Reached skill level 10 in Air Magic
  9698 | D:8      | Noticed Gastronok
  9933 | D:8      | Offered knowledge of Searing Ray by Vehumet.
  9987 | D:8      | Reached XP level 10. HP: 58/58 MP: 5/21
 10107 | D:8      | Learned a level 3 spell: Stone Arrow
 10128 | D:8      | Reached ** piety under Vehumet
 10489 | D:8      | Killed Gastronok
 10490 | D:8      | Reached skill level 5 in Fighting
 10490 | D:8      | Reached skill level 11 in Air Magic
 10803 | D:8      | Found a sacrificial altar of Ru.
 11030 | D:8      | Found a transporter.
 11031 | D:8      | Found a transporter.
 11033 | D:8      | Found a transporter.
 11158 | D:8      | Found a transporter.
 11165 | D:8      | Learned a level 5 spell: Irradiate
 11286 | D:9      | Noticed Harold
 11291 | D:9      | Killed Harold
 11930 | D:9      | Offered knowledge of Momentum Strike by Vehumet.
 12009 | D:9      | Reached XP level 11. HP: 64/64 MP: 7/24
 12076 | D:9      | Reached skill level 12 in Air Magic
 12185 | D:9      | Found a staircase to the Lair.
 12540 | D:9      | Noticed a two-headed ogre
 12547 | D:9      | Killed a two-headed ogre
 12622 | D:9      | Found Xifre's Weapon Shoppe.
 12651 | D:9      | Reached *** piety under Vehumet
 12797 | D:10     | Entered Level 10 of the Dungeon
 12809 | D:10     | Found a sparkling altar of Nemelex Xobeh.
 14012 | D:11     | Noticed Josephine
 14201 | D:11     | Noticed a manticore
 14205 | D:11     | Killed a manticore
 14205 | D:11     | Offered knowledge of Olgreb's Toxic Radiance by Vehumet.
 14206 | D:11     | Reached skill level 13 in Air Magic
 14255 | D:11     | Identified 2 scrolls of acquirement
 14268 | D:11     | Learned a level 2 spell: Sublimation of Blood
 14268 | D:11     | Acquired a book of Decay
 14270 | D:11     | Acquired Alurakall's Parchment of Arcane Combat and
                  | Geometries
 14278 | D:11     | Learned a level 5 spell: Lightning Bolt
 14294 | D:11     | Found a runed translucent door.
 14306 | D:11     | Found a runed translucent door.
 14323 | D:11     | Found a runed translucent door.
 14336 | D:11     | Found a runed translucent door.
 14516 | D:11     | Noticed a cyclops
 14530 | D:11     | Killed a cyclops
 14661 | D:11     | Noticed a two-headed ogre
 14665 | D:11     | Killed a two-headed ogre
 14804 | D:11     | Reached XP level 12. HP: 58/71 MP: 5/26
 15004 | D:11     | Killed Josephine
 15093 | D:12     | Noticed Rupert
 15269 | Lair:1   | Entered Level 1 of the Lair of Beasts
 15387 | Lair:1   | Reached **** piety under Vehumet
 15390 | Lair:1   | Reached skill level 10 in Conjurations
 15401 | Lair:1   | Reached skill level 14 in Air Magic
 15629 | Lair:1   | Offered knowledge of Hailstorm by Vehumet.
 15635 | Lair:1   | Reached skill level 10 in Spellcasting
 15870 | Lair:1   | Slain by a torpor snail

Illustrated notes

Levels and vault maps discovered:
D:1:      psy_arrival_fountain, layout_basic, minmay_tripent
D:2:      kennysheep_the_goblin_king, layout_basic, basic_altar,
          hellmonk_ecumenical_altar_slurped_away, minivault_11
D:3:      layout_basic, old_standard_altar,
          nicolae_overflow_hallway_of_the_gods, minmay_between
D:4:      layout_loops_cross, temple_doors_cd, minmay_misc_feat_rows,
          minmay_mini_jars, uniq_robin, uniq_pikel
D:5:      layout_rooms, gammafunk_ghost_arena, hangedman_decor_diamond_cutter,
          serial_bayou_lagoon_a, uniq_grinder
D:6:      layout_cave_pools, mainiacjoe_overflow_catwalk
D:7:      layout_gridville
D:8:      layout_basic, nicolae_ru_the_path_less_chosen,
          nicolae_diode_quadrants, uniq_gastronok
D:9:      layout_irregular_city, hellmonk_lair_entry_icy, serial_shops,
          nicolae_shop_trees, uniq_harold
D:10:     layout_irregular_city, kennysheep_mini_moat,
          chequers_serial_rivers_micro_a, kennysheep_generic_room_4
D:11:     layout_irregular_city, minmay_statue_crystal_thing, uniq_josephine
D:12:     layout_long_grid, david_orc_5, ebering_ghost_gozag,
          kennysheep_generic_room_15, uniq_rupert
Temple:   nicolae_temple_ecumenical_triangle
Lair:1:   layout_regular_city, beast_lair_carwin_3, grunt_megastairs_1,
          serial_bayou_shore_b

Skill      XL: |  1  2  3  4  5  6  7  8  9 10 11 12 |
---------------+-------------------------------------+-----
Conjurations   | 2 3 4 5 7 8 9 10 | 10.2
Dodging        | 3 4 5 6 7 8 |  8.8
Stealth        | 3 |  3.0
Air Magic      | 5 6 7 8 10 11 13 14 | 14.3
Spellcasting   | 3 4 5 6 8 9 10 | 10.1
Fighting       | 2 3 4 5 6 7 |  7.3

Action                     |  1- 3 |  4- 6 |  7- 9 | 10-12 || total
---------------------------+-------+-------+-------+-------++-------
  Melee: Unarmed           |     7 |       |       |       ||     7
         Kick              |     9 |     9 |     5 |     6 ||    29
         Short sword       |    17 |    18 |       |       ||    35
         Peck              |     1 |     3 |     3 |     9 ||    16
         Dagger            |       |     6 |    18 |       ||    24
         Punch             |       |     1 |     1 |       ||     2
         Staff             |       |       |       |    25 ||    25
   Cast: Shock             |    81 |   112 |    87 |     5 ||   285
         Static Discharge  |       |    11 |    29 |     3 ||    43
         Airstrike         |       |       |    69 |   262 ||   331
  Evoke: Wand              |       |     4 |     9 |     5 ||    18
    Use: Potion            |       |       |     9 |     4 ||    13
         Scroll            |       |       |     3 |    16 ||    19
   Stab: Paralysed         |       |     9 |     5 |       ||    14
         Sleeping          |       |       |     1 |       ||     1
 Armour: Robe              |     7 |     9 |     9 |     3 ||    28
  Dodge: Dodged            |    22 |    43 |    73 |    95 ||   233

Table legend: (Time is in decaauts)
 A = Elapsed time spent in this place.
 B = Non-inter-level travel time spent in this place.
 C = Inter-level travel time spent in this place.
 D = Time resting spent in this place.
 E = Time spent auto-exploring this place.
 F = Levels seen in this place.
 G = Mean time per level.
                   A        B        C        D        E       F      G
               +--------+--------+--------+--------+--------+-----+--------+
         Total |  15310 |  14873 |    437 |   4007 |   8973 |  14 | 1093.6 |
       Dungeon |  14640 |  14230 |    410 |   3788 |   8691 |  12 | 1220.0 |
        Temple |     79 |     53 |     26 |      0 |     46 |   1 |   79.0 |
          Lair |    591 |    591 |      0 |    218 |    235 |   1 |  591.0 |
               +--------+--------+--------+--------+--------+-----+--------+

Top non-repeatable levels by time:
     D:8: 1613 daAuts
     D:6: 1519 daAuts
     D:2: 1518 daAuts
     D:4: 1501 daAuts
     D:5: 1482 daAuts
     D:9: 1296 daAuts
     D:1: 1246 daAuts
    D:11: 1239 daAuts
     D:7: 1201 daAuts
    D:10: 1090 daAuts
     D:3: 925 daAuts
  Lair:1: 591 daAuts
  Temple: 79 daAuts
    D:12: 4 daAuts
